 Dungeon Crawl Stone Soup version 0.25-a0-803-g58bd18402a (webtiles) character file.

Game seed: 17831057410215528680, levelgen mode: deterministic

39 Maedhros the Charlatan (level 3, 0/23 HPs)
             Began as an Octopode Artificer on Apr 19, 2020.
             Succumbed to a worker ant's poison
             ... on level 4 of the Dungeon.
             The game lasted 00:01:40 (527 turns).

Maedhros the Charlatan (Octopode Artificer)          Turns: 527, Time: 00:01:40

Health: 0/23       AC:  1    Str: 11    XL:     3   Next: 47%
Magic:  5/5        EV: 13    Int: 13    God:
Gold:   42         SH:  0    Dex: 13    Spells: 2/2 levels left

rFire    . . .     SeeInvis .     - Unarmed
rCold    . . .     Gourm    .   (no shield)
rNeg     . . .     Faith    .   (helmet restricted)
rPois    .         Spirit   .   (no amulet)
rElec    .         Reflect  .   e - ring of attention (curse)
rCorr    .         Harm     .   (no ring)
MR       .....                  (no ring)
Stlth    ++........             (no ring)
HPRegen  0.07/turn              (no ring)
MPRegen  0.09/turn              (no ring)
                                (no ring)
                                (no ring)

@: lethally poisoned (0 -> -9)
A: almost no armour, stealthy swim, amphibious, 8 rings, constrict 8, camouflage
1, gelatinous body 1
a: no special abilities


You were on level 4 of the Dungeon.
You were not hungry.

You visited 1 branch of the dungeon, and saw 4 of its levels.

You collected 42 gold pieces.

Inventory:

Jewellery
 e - a cursed ring of attention (left tentacle)
Wands
 b - a wand of flame (14)
 c - a wand of enslavement (15)
 d - a wand of random effects (15)
Scrolls
 a - a scroll of fog {unknown}
 g - a scroll of noise {unknown}
 h - a scroll of immolation {unknown}
Comestibles
 f - a ration


   Skills:
 - Level 1.0 Fighting
   Level 1.0 Short Blades
 - Level 2.0 Dodging
 + Level 2.5 Stealth
 * Level 2.0 Unarmed Combat
 + Level 3.7 Evocations


You had 2 spell levels left.
You didn't know any spells.
Your spell library was empty.

Dungeon Overview and Level Annotations

Branches:
Dungeon (4/15)
 Temple: D:4-7

Altars:


Innate Abilities, Weirdness & Mutations

You cannot wear most types of armour.
You are very stealthy in the water. (Stealth+)
You are amphibious.
You can wear up to eight rings at the same time.
You can use your tentacles to constrict eight enemies at once.
Your skin changes colour to match your surroundings (Stealth+).
Your rubbery body absorbs attacks. (AC +1, EV +1)


Message History

You constrict the worker ant. The worker ant bites you.
You tentacle-slap the worker ant but do no damage.
Your squeeze misses the worker ant.
The worker ant is severely wounded.
You constrict the worker ant, but do no damage.
The worker ant bites you.
* * * LOW HITPOINT WARNING * * *
The worker ant bites you.
* * * LOW HITPOINT WARNING * * *
You are lethally poisoned!
The worker ant poisons you!
You aren't carrying any potions.
Evoke which item? (* to show all) (? for menu, Esc to quit)
Aiming: Throw Flame
Press: ? - help, Shift-Dir - straight line, f - worker ant
Aim: a worker ant (severely wounded, constricted by you)
The puff of flame hits the worker ant.
The worker ant is severely wounded.
You constrict the worker ant, but do no damage.
You die...

..# #.# ..#
# #.+ #...#
#.#.# #.a.#
###@# #...#
#.#.# #...#
... #.#.#
...
#...##..
#.#.#..##
#...#...##
###.#....#.


You could see a worker ant.

Vanquished Creatures
  A hound skeleton (D:4)
  A worm (D:4)
  A dart slug (D:1)
  A leopard gecko (D:1)
  An orc (D:3)
  A giant cockroach (D:1)
  2 goblins (D:1)
  3 hobgoblins (D:1)
  2 kobolds (D:1)
  2 ball pythons
  2 bats
  A jackal skeleton (D:4)
  A quokka skeleton (D:4)
  A rat (D:1)
20 creatures vanquished.

Notes
Turn   | Place    | Note
-------+----------+-------------------------------------------
     0 | D:1      | Maedhros the Octopode Artificer began the quest for the
                  | Orb.
     0 | D:1      | Reached XP level 1. HP: 13/13 MP: 3/3
    51 | D:1      | Reached skill level 1 in Unarmed Combat
    51 | D:1      | Reached XP level 2. HP: 8/18 MP: 4/4
   451 | D:4      | Reached XP level 3. HP: 18/23 MP: 5/5
   526 | D:4      | HP: 1/23 [worker ant (5)]
   527 | D:4      | Succumbed to a worker ant's poison

Levels and vault maps discovered:
D:1:      psy_arrival_fountain, layout_loops_ring, columned_hall_lemuel
D:2:      layout_basic, first_ration
D:3:      layout_rooms, ebering_ghost_sewer_d, dk_xom_monty_hall, uniq_jessica
D:4:      layout_cave_pools, nemelex_xobeh_ov_fountains_minmay,
          minmay_temple_entry_poolview, hangedman_minor_gate_pass

Skill      XL: |  1  2  3 |
---------------+----------+-----
Unarmed Combat | 1 2 |  2.0
Stealth        | 2 |  2.5
Fighting       | |  1.0
Short Blades   | |  1.0
Dodging        | |  2.0
Evocations     | |  3.7

Action                   || total
-------------------------++-------
Melee: Short sword       ||    30
       Constrict         ||    16
       Tentacles         ||     9
       Punch             ||     2
       Unarmed           ||    23
Evoke: Wand              ||     1
  Use: Scroll            ||     2
 Stab: Sleeping          ||     4
Armor: Skin              ||     3
Dodge: Dodged            ||    27

Table legend:
 A = Non-vault XP
 B = Vault XP
 C = Vault XP percentage of total XP
 D = Non-vault monster count
 E = Vault monster count
 F = Vault count percentage of total count
                 A         B        C        D         E       F
            +---------+---------+-------+---------+---------+-------
      Total |      39 |      18 |  31.6 |      19 |       1 |   5.0
            +---------+---------+-------+---------+---------+-------
        D:1 |      25 |       0 |   0.0 |      13 |       0 |   0.0
        D:2 |       2 |       0 |   0.0 |       1 |       0 |   0.0
        D:3 |       3 |       0 |   0.0 |       1 |       0 |   0.0
        D:4 |       9 |      18 |  66.7 |       4 |       1 |  20.0
            +---------+---------+-------+---------+---------+-------
